 Dungeon Crawl Stone Soup version 0.27.1-1-g398f81649c (webtiles) character file.

Game seed: 7686970534572772406

231 ZARRMARR the Conjurer (level 6, -8/39 HPs)
             Began as an Octopode Conjurer on Sept 10, 2021.
             Mangled by an iguana (12 damage)
             ... on level 5 of the Dungeon.
             The game lasted 00:11:29 (5113 turns).

ZARRMARR the Conjurer (Octopode Conjurer)           Turns: 5113, Time: 00:11:29

Health: -8/39      AC:  1    Str:  7    XL:     6   Next: 4%
Magic:  1/10       EV: 13    Int: 22    God:
Gold:   135        SH:  0    Dex: 10    Spells: 9/10 levels left

rFire    . . .     SeeInvis .   c - staff of air
rCold    . . .     Faith    .   (no shield)
rNeg     . . .     Spirit   .   (helmet restricted)
rPois    .         Reflect  .   (no amulet)
rElec    +         Harm     .   (no ring)
rCorr    .         Rampage  .   (no ring)
Will     .....                  (no ring)
Stlth    +++.......             (no ring)
HPRegen  0.13/turn              (no ring)
MPRegen  0.12/turn              (no ring)
                                (no ring)
                                (no ring)

@: no status effects
A: almost no armour, amphibious, 8 rings, camouflage 1, gelatinous body 1,
(nimble swimmer 1), tentacles
a: no special abilities


You were on level 5 of the Dungeon.
You visited 1 branch of the dungeon, and saw 5 of its levels.

You collected 135 gold pieces.

Inventory:

Magical Staves
 c - a staff of air (weapon)
Jewellery
 d - a ring of fire
Scrolls
 e - 2 scrolls of enchant armour
 g - a scroll of torment
 p - a scroll of teleportation
Potions
 a - a potion of flight
 b - a potion of curing
 h - a potion of degeneration {unknown}
 i - a potion of lignification {unknown}
 n - a potion of brilliance {unknown}
 o - a potion of invisibility {unknown}


   Skills:
 + Level 2.2 Fighting
 + Level 3.2 Dodging
 + Level 4.5 Stealth
 + Level 2.9 Spellcasting
 + Level 4.7 Conjurations


You had 9 spell levels left.
You knew the following spells:

 Your Spells              Type           Power      Damage    Failure   Level
a - Magic Dart            Conj           96%        1d7       1%          1

Your spell library contained the following spells:

 Spells                   Type           Power      Damage    Failure   Level
 Searing Ray              Conj           48%        3d5       2%          2
 Dazzling Flash           Conj/Hex       26%        N/A       14%         3
 Fulminant Prism          Conj/Hex       6%         3d7       43%         4
 Iskenderun's Mystic Bla  Conj/Tloc      13%        2d5       43%         4


Dungeon Overview and Level Annotations

Branches:
Dungeon (5/15)
 Temple: D:4-7

Altars:

Shops:
D:4 (


Innate Abilities, Weirdness & Mutations

You cannot wear most types of armour.
You are amphibious.
You can wear up to eight rings at the same time.
Your skin changes colour to match your surroundings (Stealth+).
Your rubbery body absorbs attacks. (AC +1, EV +1)
((You are camouflaged near water. (Stealth+)))
You have tentacles for arms and can constrict up to eight enemies at once.


Message History

The magic dart hits the iguana but does no damage.
The iguana is lightly wounded.
The magic dart hits the iguana.
The iguana is lightly wounded.
Your magical contamination has completely faded away.
The magic dart hits the iguana but does no damage.
The iguana is lightly wounded.
The magic dart hits the iguana.
The iguana is lightly wounded.
The iguana misses you. The iguana barely misses you.
The magic dart hits the iguana but does no damage.
The iguana is lightly wounded.
The iguana bites you! x2
The magic dart hits the iguana but does no damage.
The iguana is lightly wounded.
The iguana bites you! x2
* * * LOW HITPOINT WARNING * * *
You are too injured to fight recklessly!
You are too injured to fight recklessly!
You are too injured to fight recklessly!
You are too injured to fight recklessly!
You are too injured to fight recklessly!
You are too injured to fight recklessly!
You are too injured to fight recklessly!
You are too injured to fight recklessly!
You are too injured to fight recklessly!
You are too injured to fight recklessly!
You are too injured to fight recklessly!
You are too injured to fight recklessly!
You are too injured to fight recklessly!
As you read the scroll of summoning, it crumbles to dust.
Wisps of shadow whirl around you... The iguana barely misses your phantom.
Your phantom hits the iguana but does no damage.
The iguana closely misses your phantom.
Your phantom misses the iguana.
Your bullfrog skeleton hits the iguana.
Your phantom closely misses the iguana.
Your bullfrog skeleton hits the iguana.
Your phantom misses the iguana.
There is a stone staircase leading up here.
The iguana bites you!
You die...

...... ...# ...#
......# #..# ...#
.......##.###...#
................#
.......#.W.....#
.......#.Z....##
.......##l...##
......# ##.l.#
.#.... #.@.#
#...# ##### ##..


You could see 2 iguanas, a friendly phantom (summoned) and a friendly bullfrog
skeleton (summoned).

Vanquished Creatures
  2 jellies (D:2)
  An orc wizard (D:4)
  An iguana (D:5)
  2 adders (D:4)
  3 worms
  3 dart slugs
  7 orcs
  7 ball pythons
  10 endoplasms
  A giant cockroach (D:3)
  8 goblins
  5 hobgoblins
  4 jackals (D:1)
  16 kobolds
  4 quokkas
  A bat (D:2)
  2 rats
77 creatures vanquished.

Vanquished Creatures (others)
  13 toadstools (D:2)
13 creatures vanquished.

Grand Total: 90 creatures vanquished

Notes
Turn   | Place    | Note
-------+----------+-------------------------------------------
     0 | D:1      | ZARRMARR the Octopode Conjurer began the quest for the Orb.
     0 | D:1      | Reached XP level 1. HP: 11/11 MP: 3/3
   646 | D:1      | Reached XP level 2. HP: 18/18 MP: 1/5
  1392 | D:2      | Reached XP level 3. HP: 22/22 MP: 3/6
  1485 | D:2      | Reached skill level 1 in Fighting
  1846 | D:2      | Reached XP level 4. HP: 28/28 MP: 3/7
  2190 | D:2      | Found a faded altar of an unknown god.
  2420 | D:2      | Reached XP level 5. HP: 34/34 MP: 6/8
  3922 | D:4      | Found Umpuarchy's Antique Weapon Shop.
  4305 | D:4      | HP: 1/34 [orc (6)]
  5028 | D:5      | Entered Level 5 of the Dungeon
  5035 | D:5      | Reached XP level 6. HP: 39/39 MP: 3/10
  5113 | D:5      | Mangled by an iguana

Illustrated notes

Levels and vault maps discovered:
D:1:      minmay_arrival_three_doors, layout_loops_ring
D:2:      cheibrodos_fertilizer, layout_loops_ring,
          hellmonk_ecumenical_altar_heavens_door, hex_medium
D:3:      layout_loops_ring, minmay_close_crescents
D:4:      layout_basic, serial_shops, shop
D:5:      layout_cave_pools, minmay_temple_entry_slanted,
          minmay_misc_feat_nine_boxes, kennysheep_donut, uniq_blork_the_orc

Skill      XL: |  1  2  3  4  5 |
---------------+----------------+-----
Stealth        | 3 4 |  4.5
Fighting       | 1 2 |  2.2
Dodging        | 3 |  3.2
Spellcasting   | |  2.9
Conjurations   | |  4.7

Action                   |  1- 3 |  4- 6 || total
-------------------------+-------+-------++-------
Melee: Unarmed           |    18 |       ||    18
       Constrict         |     4 |     2 ||     6
       Staff             |     3 |    17 ||    20
       Tentacles         |     1 |     1 ||     2
 Cast: Magic Dart        |    68 |   110 ||   178
  Use: Scroll            |     1 |     7 ||     8
       Potion            |       |     2 ||     2
 Stab: Sleeping          |       |     2 ||     2
Armor: Skin              |     1 |     2 ||     3
Dodge: Dodged            |    24 |    33 ||    57
